[ AOE2 MATCH · #506616227 ]
UnrankedHuns vs Burgundians
Player's team · WIN
[ REPLAY ANALYSIS · EXTRACTED FROM THE RECORDED GAME ]
Feudal
9:03
Castle
—
Imperial
—
| APM avg | 36.6 |
| APM peak | 76 |
| eAPM avg | 12.5 |
| Villagers / military | 31 / 12 |
Focus
⚔️ 30.4% · 🌾 69.6%
Archer ×10 · Militia ×2
Feudal
11:32
Castle
16:26
Imperial
—
| APM avg | 45.0 |
| APM peak | 83 |
| eAPM avg | 18.9 |
| Villagers / military | 30 / 1 |
Focus
⚔️ 16.3% · 🌾 83.7%
Mangonel ×1
Match map
Initial resources + every placement click. Lines = walls · curves = elevation contours. ◆ gold · ⬟ stone · ● berries · ✦ relic · ◌ wall gap
Your base· ✓ Closed at 12:00 · 0t walls · 3 gate(s)
Lisan al Gaib's base· ✓ Closed at 16:26 · 9t walls · 2 gate(s)
Smoothed initial terrain · ◌ = detected wall gap · hover for details
Inputs per minute
— Zen - - Lisan al Gaib
Build order — Zen
60 actions detected in the replay
| 0:00 | Queue | Villager (Male) |
| 0:01 | Queue | Villager (Male) |
| 0:01 | Queue | Villager (Male) |
| 0:01 | Queue | Villager (Male) |
| 1:07 | Queue | Villager (Male) |
| 1:26 | Build | Lumber Camp |
| 1:54 | Queue | Villager (Male) |
| 2:37 | Queue | Villager (Male) |
| 2:51 | Queue | Villager (Male) |
| 3:28 | Queue | Villager (Male) |
| 3:28 | Queue | Villager (Male) |
| 4:08 | Queue | Villager (Male) |
| 4:22 | Queue | Villager (Male) |
| 4:55 | Queue | Villager (Male) |
| 4:55 | Queue | Villager (Male) |
| 5:42 | Research | Loom |
| 6:10 | Build | Mining Camp |
| 6:28 | Queue | Villager (Male) |
| 6:46 | Research | Feudal Age |
| 7:17 | Build | Mining Camp |
| 9:03 | Age | Feudal Age |
| 9:04 | Build | Watch Tower |
| 9:07 | Queue | Villager (Male) |
| 9:07 | Queue | Villager (Male) |
| 9:10 | Research | Double-Bit Axe |
| 9:52 | Build | Barracks |
| 9:53 | Queue | Villager (Male) |
| 10:09 | Queue | Villager (Male) |
| 10:39 | Queue | Villager (Male) |
| 10:58 | Build | Archery Range |
| 11:01 | Queue | Villager (Male) |
| 11:52 | Queue | Archer |
| 11:52 | Queue | Archer |
| 12:06 | Build | Watch Tower |
| 12:11 | Queue | Archer |
| 12:12 | Queue | Militia |
| 12:12 | Queue | Militia |
| 12:14 | Queue | Villager (Male) |
| 12:24 | Build | Mill |
| 12:43 | Queue | Archer |
| 13:18 | Queue | Archer |
| 13:20 | Queue | Villager (Male) |
| 13:33 | Build | Blacksmith |
| 13:56 | Build | Watch Tower |
| 14:17 | Queue | Villager (Male) |
| 14:18 | Queue | Archer |
| 14:18 | Queue | Archer |
| 14:37 | Queue | Villager (Male) |
| 14:40 | Research | Fletching |
| 14:42 | Queue | Villager (Male) |
| 15:06 | Queue | Archer |
| 15:07 | Queue | Villager (Male) |
| 15:37 | Queue | Archer |
| 15:38 | Queue | Villager (Male) |
| 15:44 | Build | Market |
| 16:06 | Build | Watch Tower |
| 16:55 | Queue | Villager (Male) |
| 16:56 | Queue | Archer |
| 16:58 | Queue | Villager (Male) |
| 17:17 | Queue | Villager (Male) |
Build order — Lisan al Gaib
77 actions detected in the replay
| 0:01 | Queue | Villager (Male) |
| 0:02 | Build | House |
| 0:03 | Build | House |
| 0:13 | Queue | Villager (Male) |
| 0:14 | Queue | Villager (Male) |
| 0:14 | Queue | Villager (Male) |
| 1:40 | Queue | Villager (Male) |
| 1:49 | Build | Lumber Camp |
| 1:58 | Queue | Villager (Male) |
| 2:35 | Queue | Villager (Male) |
| 3:03 | Queue | Villager (Male) |
| 3:09 | Build | House |
| 3:13 | Build | House |
| 3:29 | Queue | Villager (Male) |
| 3:47 | Queue | Villager (Male) |
| 4:03 | Queue | Villager (Male) |
| 4:36 | Queue | Villager (Male) |
| 4:45 | Research | Double-Bit Axe |
| 4:50 | Build | Mill |
| 5:10 | Queue | Villager (Male) |
| 5:10 | Queue | Villager (Male) |
| 5:29 | Queue | Villager (Male) |
| 5:57 | Queue | Villager (Male) |
| 6:18 | Research | Horse Collar |
| 6:37 | Queue | Villager (Male) |
| 7:17 | Queue | Villager (Male) |
| 7:17 | Queue | Villager (Male) |
| 7:37 | Queue | Villager (Male) |
| 7:46 | Build | House |
| 7:57 | Queue | Villager (Male) |
| 7:58 | Queue | Villager (Male) |
| 8:04 | Build | Farm |
| 8:06 | Build | Farm |
| 8:12 | Build | Farm |
| 8:39 | Queue | Villager (Male) |
| 8:56 | Research | Loom |
| 8:57 | Research | Feudal Age |
| 9:01 | Build | Mining Camp |
| 9:23 | Build | House |
| 9:32 | Build | House |
| 9:43 | Build | House |
| 9:50 | Build | House |
| 9:53 | Build | House |
| 9:57 | Build | House |
| 10:03 | Build | House |
| 10:20 | Build | House |
| 10:28 | Build | House |
| 10:29 | Build | House |
| 10:29 | Build | House |
| 10:32 | Build | House |
| 11:00 | Queue | Villager (Male) |
| 11:00 | Queue | Villager (Male) |
| 11:09 | Build | House |
| 11:32 | Age | Feudal Age |
| 11:39 | Build | Blacksmith |
| 12:16 | Build | Watch Tower |
| 12:24 | Queue | Villager (Male) |
| 12:32 | Build | Market |
| 12:40 | Queue | Villager (Male) |
| 13:14 | Queue | Villager (Male) |
| 13:39 | Build | House |
| 13:42 | Build | House |
| 13:46 | Research | Castle Age |
| 13:46 | Research | Castle Age |
| 13:48 | Build | House |
| 14:25 | Build | Lumber Camp |
| 15:02 | Research | Fletching |
| 15:27 | Build | Farm |
| 15:44 | Build | Stone Wall |
| 16:23 | Build | Lumber Camp |
| 16:26 | Age | Castle Age |
| 16:35 | Build | Siege Workshop |
| 16:45 | Build | Palisade Wall |
| 17:01 | Queue | Villager (Male) |
| 17:01 | Queue | Villager (Male) |
| 17:16 | Build | Lumber Camp |
| 17:20 | Queue | Mangonel |
Match timeline
| 9:03 | Zen · age_up feudal |
| 9:52 | Zen · first_building Barracks |
| 10:58 | Zen · first_building Archery Range |
| 11:32 | Lisan al Gaib · age_up feudal |
| 15:44 | Lisan al Gaib · wall_segment Stone Wall x9 |
| 16:26 | Lisan al Gaib · age_up castle |
| 16:35 | Lisan al Gaib · first_building Siege Workshop |
| 16:45 | Lisan al Gaib · wall_segment Palisade Wall x1 |
| 17:12 | Lisan al Gaib · first_market_buy 100 wood |
| 17:28 | Lisan al Gaib · resign |
[ AI ANALYSIS · 1 CREDIT ]
What really happened in this match?
Wolo.gg analyzes every decision: build order, eco, micro, common mistakes by bracket. Personalized analysis on WhatsApp or Discord in 30 seconds.
Civ guide
Huns
Perfil
Jugador #19639565